 Dungeon Crawl Stone Soup version 0.31-a0-1074-g0b22e4e0f1 (webtiles) character file.

Game seed: 9685335502567303140

648 monsoonserge the Insei (level 7, -6/43 HPs)
             Began as an Octopode Artificer on Dec 6, 2023.
             Mangled by an ice beast (7 damage)
             ... on level 5 of the Dungeon.
             The game lasted 00:10:50 (4379 turns).

monsoonserge the Insei (Octopode Artificer)         Turns: 4379, Time: 00:10:51

Health: -6/43      AC:  1    Str: 13    XL:     7   Next: 53%
Magic:  7/7        EV: 13    Int: 13    God:
Gold:   221        SH:  0    Dex: 13    Spells: 6/6 levels left

rFire   . . .        y - +4 war axe (heavy)
rCold   . . .        (no shield)
rNeg    . . .        (helmet currently unavailable)
rPois   .            (no amulet)
rElec   .            (no ring)
rCorr   .            (no ring)
SInv    .            (no ring)
Will    .....        (no ring)
Stlth   +++          (no ring)
HPRegen 0.27/turn    (no ring)
MPRegen 0.10/turn    (no ring)
                     (no ring)

%: no passive effects
@: beast-form
A: beast (slay +1), almost no armour, amphibious, 8 rings, camouflage 1,
gelatinous body 1, (nimble swimmer 1), tentacles
a: Begin Untransformation


You were on level 5 of the Dungeon.
You were a hulking beast.
You visited 1 branch of the dungeon, and saw 5 of its levels.
You also visited: Sewer.

You collected 221 gold pieces.

Inventory:

Hand Weapons
 y - a +4 heavy war axe (weapon)
Magical Staves
 g - a staff of air
Jewellery
 l - an amulet of faith
 p - an amulet of the acrobat
Talismans
 e - a beast talisman (active)
Wands
 b - a wand of flame (5) (quivered)
 c - a wand of charming (25)
 d - a wand of iceblast (5)
 q - a wand of polymorph (3)
Scrolls
 a - 2 scrolls of butterflies {unknown}
 f - a scroll of amnesia
 h - 2 scrolls of revelation {unknown}
 j - a scroll of enchant armour
 m - a scroll of fog
 n - a scroll of teleportation
 t - 2 scrolls of noise {unknown}
Potions
 i - a potion of might {unknown}
 k - a potion of cancellation
 o - 2 potions of brilliance
 s - a potion of heal wounds
 u - 3 potions of curing
 v - 2 potions of mutation {unknown}
 w - a potion of haste {unknown}
 x - a potion of enlightenment {unknown}


   Skills:
 - Level 1.0 Fighting
 + Level 1.7(1.8) Axes
 - Level 0.1(1.0) Maces & Flails
 - Level 0.6(1.3) Polearms
 - Level 3.0 Dodging
 - Level 2.0 Stealth
 * Level 6.3 Unarmed Combat
 - Level 4.0 Evocations
 - Level 2.0 Shapeshifting


You had 6 spell levels left.
You didn't know any spells.
Your spell library contained the following spells:

 Spells                   Type           Power      Damage    Failure   Level
 Gell's Gravitas          Tloc           0%         N/A       67%         3
 Teleport Other           Tloc           0%         N/A       67%         3
 Dispersal                Tloc           0%         N/A       100%        6


Dungeon Overview and Level Annotations

Branches:
Dungeon (5/15)              Sewer (visited)
 Temple: D:4-7

Altars:
Ashenzari
Dithmenos
Fedhas
Nemelex Xobeh
Okawaru
Qazlal
Ru
Zin
The Shining One

Annotations:
D:3 1 runed translucent door, Crazy Yiuf


Innate Abilities, Weirdness & Mutations

You are a hulking beast.
Your limbs bulge with bestial killing power. (Slay +1)
You cannot wear most types of armour.
You are amphibious.
You can wear up to eight rings at the same time.
Your skin changes colour to match your surroundings (Stealth+).
Your rubbery body absorbs attacks. (AC +1, EV +1)
((You are camouflaged when in or above water. (Stealth+)))
You have tentacles for arms and can constrict up to eight enemies at once.


Message History

Press: ? - help, Shift-Dir - straight line, f - ice beast
Aim: an ice beast (71% to hit)
The puff of flame misses the ice beast.
Aiming: Throw Flame
Press: ? - help, Shift-Dir - straight line, f/p - ice beast
Aim: an ice beast (71% to hit)
The puff of flame hits the ice beast.
The ice beast melts!
The ice beast is lightly wounded.
Aiming: Throw Flame
Press: ? - help, Shift-Dir - straight line, f/p - ice beast
Aim: an ice beast (lightly wounded, 71% to hit)
The puff of flame misses the ice beast.
Aiming: Throw Flame
Press: ? - help, Shift-Dir - straight line, f/p - ice beast
Aim: an ice beast (lightly wounded, 71% to hit)
The puff of flame misses the ice beast.
Aiming: Throw Flame
Press: ? - help, Shift-Dir - straight line, f/p - ice beast
Aim: an ice beast (lightly wounded, 71% to hit)
The puff of flame hits the ice beast.
The ice beast melts!
The ice beast is moderately wounded.
You closely miss the ice beast. Your squeeze misses the ice beast.
The ice beast is moderately wounded.
The ice beast completely misses you. The ice beast hits you.
The ice beast freezes you!
You slash the ice beast!
The ice beast is almost dead.
The ice beast hits you. The ice beast freezes you!
* * * LOW HITPOINT WARNING * * *
The ice beast closely misses you.
You barely miss the ice beast. Your squeeze misses the ice beast.
The ice beast is almost dead.
The ice beast hits you.
* * * LOW HITPOINT WARNING * * *
The ice beast freezes you.
* * * LOW HITPOINT WARNING * * *
The ice beast hits you.
* * * LOW HITPOINT WARNING * * *
The ice beast freezes you!
You die...

...###### <.......#
###
##.####.########.##
#................
#.####.########.#
...# #.########.#
##.# #.#........#
#.####.#.######.####
#........# #...h...#
#......### #.##Y##.#
#.###### #.##.# .###
.. #....# .>.
####.##.#####
#..........
#.....#.##.
##..###..#
##.......#


You could see an ice beast.

Vanquished Creatures
  Grinder (D:3)
  A water moccasin (Sewer)
  A scorpion (D:4)
  A hound (D:4)
  2 orc priests (D:3)
  A jelly (D:4)
  An iguana (D:4)
  Terence (D:3)
  2 adders (D:3)
  2 worms
  4 dart slugs
  9 orcs
  7 ball pythons
  2 bats (D:2)
  4 endoplasms
  4 giant cockroaches
  7 goblins
  6 hobgoblins
  5 jackals
  6 kobolds
  3 quokkas
  3 rats
73 creatures vanquished.

Notes
Turn   | Place    | Note
-------+----------+-------------------------------------------
     0 | D:1      | monsoonserge the Octopode Artificer began the quest for the
                  | Orb.
     0 | D:1      | Reached XP level 1. HP: 13/13 MP: 1/1
   125 | D:1      | Reached XP level 2. HP: 12/18 MP: 2/2
  1037 | D:2      | Reached skill level 1 in Unarmed Combat
  1037 | D:2      | Reached XP level 3. HP: 23/23 MP: 3/3
  2020 | D:3      | Found a glowing drain.
  2049 | D:3      | Reached XP level 4. HP: 28/28 MP: 4/4
  2056 | Sewer    | Entered a sewer
  2109 | Sewer    | Noticed a water moccasin
  2118 | Sewer    | Killed a water moccasin
  2119 | Sewer    | Reached skill level 2 in Unarmed Combat
  2119 | Sewer    | Reached XP level 5. HP: 33/33 MP: 5/5
  2233 | D:3      | Found a runed translucent door.
  2234 | D:3      | Noticed Crazy Yiuf
  2266 | D:3      | Noticed Sigmund
  2268 | D:3      | Sigmund changed into Sigmund the goblin
  2268 | D:3      | Noticed Sigmund
  2269 | D:3      | Killed Sigmund the goblin
  2353 | D:3      | Noticed Grinder
  2362 | D:3      | Killed Grinder
  2363 | D:3      | Reached skill level 4 in Unarmed Combat
  2363 | D:3      | Reached XP level 6. HP: 16/38 MP: 6/6
  2449 | D:3      | Found a broken altar of Ashenzari.
  2596 | D:3      | Noticed Terence
  2704 | D:4      | Reached skill level 5 in Unarmed Combat
  2707 | D:4      | Found a sacrificial altar of Ru.
  2707 | D:4      | Found a sparkling altar of Nemelex Xobeh.
  2707 | D:4      | Found a glowing golden altar of the Shining One.
  2707 | D:4      | Found a blossoming altar of Fedhas.
  2715 | D:4      | Found a shadowy altar of Dithmenos.
  2715 | D:4      | Found an iron altar of Okawaru.
  3450 | D:4      | Reached XP level 7. HP: 23/43 MP: 7/7
  3589 | D:4      | Reached skill level 6 in Unarmed Combat
  3809 | D:5      | Entered Level 5 of the Dungeon
  3828 | D:3      | Reached skill level 1 in Axes
  3939 | D:3      | Found a glowing silver altar of Zin.
  4018 | D:3      | Found a stormy altar of Qazlal.
  4088 | D:3      | Killed Terence
  4379 | D:5      | HP: 2/43 [ice beast (5)]
  4379 | D:5      | Mangled by an ice beast

Illustrated notes

Levels and vault maps discovered:
D:1:      lemuel_arrival_rhombus, layout_loops_corners, roderic_serpentine_path,
          minmay_tromino_v4_b
D:2:      layout_basic, minivault_5
D:3:      layout_basic, nicolae_qazlal_scattered_showers,
          overflow_temple_1_default, mainiacjoe_overflow_small_starburst,
          gup_sewer_entry_glass, uniq_crazy_yiuf_cottage, uniq_grinder,
          uniq_terence, uniq_sigmund
D:4:      minmay_octagon_keep, layout_basic, minmay_overflow_temple_hex
D:5:      layout_loops_ring, minmay_temple_entry_poolview, serial_shops, shop,
          dreamdust_gnoll_farm

Skill      XL: |  1  2  3  4  5  6  7 |
---------------+----------------------+-----
Unarmed Combat | 1 2 4 5 6 |  6.3
Evocations     | 4 |  4.0
Stealth        | 2 |  2.0
Dodging        | 3 |  3.0
Shapeshifting  | 2 |  2.0
Axes           | 1 |  1.7
Fighting       | |  1.0
Maces & Flails | |  0.1
Polearms       | |  0.6

Action                     |  1- 3 |  4- 6 |  7- 9 || total
---------------------------+-------+-------+-------++-------
  Melee: Club              |     9 |       |       ||     9
         Constrict         |    16 |    12 |    10 ||    38
         Tentacles         |    12 |     5 |     4 ||    21
         Staff             |    23 |       |       ||    23
         Flail             |    18 |       |       ||    18
         War axe           |    17 |     6 |    14 ||    37
         Punch             |       |     4 |     2 ||     6
         Halberd           |       |    46 |    18 ||    64
  Evoke: Wand              |       |     6 |     5 ||    11
    Use: Scroll            |       |       |     5 ||     5
         Potion            |       |       |     3 ||     3
   Stab: Sleeping          |     9 |     3 |     5 ||    17
 Armour: Skin              |    24 |    17 |    24 ||    65
  Dodge: Dodged            |    51 |    32 |    13 ||    96
   Form: Beast             |     1 |       |       ||     1

Table legend: (Time is in decaauts)
 A = Elapsed time spent in this place.
 B = Non-inter-level travel time spent in this place.
 C = Inter-level travel time spent in this place.
 D = Time resting spent in this place.
 E = Time spent auto-exploring this place.
 F = Levels seen in this place.
 G = Mean time per level.
                   A        B        C        D        E       F      G
               +--------+--------+--------+--------+--------+-----+--------+
         Total |   4443 |   4318 |    125 |    214 |   3080 |   6 |  740.5 |
       Dungeon |   4310 |   4185 |    125 |    214 |   3060 |   5 |  862.0 |
         Sewer |    133 |    133 |      0 |      0 |     20 |   1 |  133.0 |
               +--------+--------+--------+--------+--------+-----+--------+

Top non-repeatable levels by time:
     D:4: 1238 daAuts
     D:2: 1091 daAuts
     D:3: 970 daAuts
     D:1: 933 daAuts
   Sewer: 133 daAuts
     D:5: 76 daAuts
